 Dungeon Crawl Stone Soup version 0.29-a0-397-g846e4a0bbc (webtiles) character file.

Game seed: 17396278740767992634

18445 snetch the Basher (level 12, -1/162 HPs)
             Began as a Minotaur Berserker on May 11, 2022.
             Was an Elder of Trog.
             Slain by a skeletal warrior
             ... wielding a +0 scimitar
              (14 damage)
             ... on level 12 of the Dungeon.
             The game lasted 00:39:37 (11115 turns).

snetch the Basher (Minotaur Berserker)             Turns: 11115, Time: 00:39:37

Health: -1/162     AC: 34    Str: 28    XL:     12   Next: 27%
Magic:  11/11      EV: 13    Int:  4    God:    Trog [****..]
Gold:   412        SH:  5    Dex:  9    Spells: 11/11 levels left

rFire   . . .      SeeInvis .   b - +3 flail (protect)
rCold   + . .      Faith    .   j - +0 buckler
rNeg    . . .      Spirit   .   K - +1 plate armour {rC+}
rPois   .          Reflect  .   y - +2 hat
rElec   .          Harm     .   X - +2 cloak
rCorr   .          Rampage  .   (no gloves)
Will    ++...                   l - +0 pair of boots
Stlth   ..........              r - amulet of regeneration
HPRegen 2.17/turn               k - +4 ring of protection
MPRegen 0.12/turn               V - +4 ring of evasion

@: berserking (expiring), strong-willed, under a protective aura, regenerating,
very quick
A: horns 2, retaliatory headbutt
a: Renounce Religion, Berserk, Trog's Hand, Brothers in Arms


You were on level 12 of the Dungeon.
You worshipped Trog.
Trog was greatly pleased with you.
You visited 2 branches of the dungeon, and saw 13 of its levels.

You collected 660 gold pieces.
You spent 248 gold pieces at shops.

Inventory:

Hand Weapons
 a - a +4 antimagic war axe
 b - a +3 flail of protection (weapon)
 c - a +0 trident
 d - a +4 quarterstaff of chaos
 e - the +9 mace "Westilen" {holy, Fragile rElec rC+ Dex+9}
   (You found it on level 2 of the Dungeon)

   It has been blessed by the Shining One to cause great damage to the undead
   and demons.
   Dex:       It affects your dexterity (+9).
   rC:        It protects you from cold.
   rElec:     It insulates you from electricity.
   Fragile:   It will be destroyed if unequipped.
Missiles
 v - 39 poisoned darts (quivered)
 A - 293 stones
 B - 8 boomerangs
 C - 2 throwing nets
 J - a curare-tipped dart
 R - 5 atropa-tipped darts
Armour
 j - a +0 buckler (worn)
 l - a +0 pair of boots (worn)
 y - a +2 hat (worn)
 K - a +1 plate armour of cold resistance (worn)
 S - +0 acid dragon scales
 W - the +3 ring mail of Poirhul {-Tele rCorr Dex+6}
   (You found it on level 11 of the Dungeon)

   Dex:       It affects your dexterity (+6).
   -Tele:     It prevents most forms of teleportation.
   rCorr:     It protects you from acid and corrosion.
 X - a +2 cloak (worn)
Jewellery
 k - a +4 ring of protection (left hand)
 r - an amulet of regeneration (around neck)
 I - a ring of fire
 V - a +4 ring of evasion (right hand)
Wands
 t - a wand of digging (6)
 F - a wand of flame (54)
 H - a wand of iceblast (10)
 N - a wand of mindburst (5)
 P - a wand of polymorph (6)
Scrolls
 h - 5 scrolls of fear
 i - 6 scrolls of fog {unknown}
 m - 6 scrolls of blinking
 n - 4 scrolls of enchant weapon {unknown}
 q - a scroll of immolation
 x - 5 scrolls of teleportation {unknown}
 z - 3 scrolls of magic mapping
 D - a scroll of amnesia {unknown}
 E - 4 scrolls of vulnerability {unknown}
 G - 2 scrolls of noise {unknown}
 U - 5 scrolls of poison {unknown}
Potions
 f - 8 potions of curing
 g - 2 potions of might
 p - 2 potions of heal wounds
 s - 2 potions of invisibility
 u - 3 potions of lignification {unknown}
 w - 3 potions of attraction {unknown}
 L - a potion of ambrosia
 M - 2 potions of flight {unknown}
 O - 3 potions of degeneration {unknown}
 Q - 3 potions of haste {unknown}
 T - 2 potions of brilliance {unknown}
Miscellaneous
 o - a phial of floods


   Skills:
 + Level 10.8 Fighting
 + Level 9.4(12.4) Axes
 - Level 12.8(14.0) Maces & Flails
 + Level 4.8 Throwing
 + Level 11.8 Armour
 + Level 5.3 Dodging
 + Level 1.8 Stealth
 + Level 6.9 Shields


You had 11 spell levels left.
You didn't know any spells.
Your spell library contained the following spells:

 Spells                   Type           Power      Damage    Failure   Level
 Animate Skeleton         Necr           0%         N/A       99%         1
 Freeze                   Ice            0%         1d3       99%         1
 Pain                     Necr           0%         1d4       99%         1
 Ensorcelled Hibernation  Hex/Ice        0%         N/A       100%        2
 Passwall                 Tmut/Erth      0%         N/A       100%        2
 Static Discharge         Conj/Air       0%         N/A       100%        2
 Conjure Flame            Conj/Fire      0%         6-21      100%        3
 Frozen Ramparts          Ice            0%         1d2       100%        3
 Ignite Poison            Fire/Tmut/Pois 0%         N/A       100%        3
 Portal Projectile        Hex/Tloc       0%         N/A       100%        3
 Swiftness                Air            0%         N/A       100%        3
 Vampiric Draining        Necr           0%         2d6       100%        3
 Dispel Undead            Necr           0%         3d6       100%        4
 Hailstorm                Conj/Ice       0%         3d3       100%        4
 Sticky Flame             Conj/Fire      0%         2d3       100%        4
 Blade Hands              Tmut           0%         N/A       100%        5
 Excruciating Wounds      Necr           0%         N/A       100%        5


Dungeon Overview and Level Annotations

Branches:
Dungeon (12/15)            Temple (1/1) D:5            Lair (0/6) D:9
    Orc (0/2) D:9

Altars:
Ashenzari
Cheibriados
Dithmenos
Elyvilon
Fedhas
Gozag
Hepliaklqana
Kikubaaqudgha
Makhleb
Nemelex Xobeh
Okawaru
Qazlal
Ru
Sif Muna
Trog
Uskayaw
Vehumet
Wu Jian
Xom
Yredelemnul
Zin
The Shining One

Shops:
D:4 **   D:5 !

Annotations:
D:8 spectrals behind stone
D:10 2 transporters, puppykicker's ghost, journeyman BaIE


Innate Abilities, Weirdness & Mutations

You have a pair of horns on your head.
You reflexively headbutt those who attack you in melee.


Message History

Your headbutt misses the skeletal warrior.
The skeletal warrior is almost destroyed.
The skeletal warrior hits you with a +0 glaive!
* * * LOW HITPOINT WARNING * * *
The skeletal warrior hits you but does no damage.
You hit the skeletal warrior.
The skeletal warrior is almost destroyed.
Unknown command.
You hit the skeletal warrior.
Your headbutt misses the skeletal warrior.
The skeletal warrior is almost destroyed.
The skeletal warrior hits you with a +0 glaive.
* * * LOW HITPOINT WARNING * * *
The skeletal warrior barely misses you.
Unknown command.
Press: ? - help, v - describe, . - travel
Here: a skeletal warrior, wielding a +0 scimitar and wearing a +0 plate armour The floor.
You thump the skeletal warrior!
You destroy the skeletal warrior!
Trog accepts your kill.
Unknown command.
You barely miss the skeletal warrior.
The skeletal warrior is lightly damaged.
The skeletal warrior hits you but does no damage.
You hit the skeletal warrior.
The skeletal warrior is lightly damaged.
You hit the skeletal warrior but do no damage.
The skeletal warrior is lightly damaged.
The skeletal warrior hits you but does no damage.
The skeletal warrior hits you with a +0 long sword.
* * * LOW HITPOINT WARNING * * *
You hit the skeletal warrior.
Your headbutt misses the skeletal warrior.
The skeletal warrior is lightly damaged.
You barely miss the skeletal warrior.
Your headbutt misses the skeletal warrior.
The skeletal warrior is lightly damaged.
The skeletal warrior hits you with a +0 scimitar!
You die...

#......).......#
#.........##...
#..###.....#
#..## ##....#
#..# #....## ..#
##.....# .#
#...#...#
#zz####..# #@##
#..# #.# ....
#.# #.... #.##
##... #..# ###
##.# ##.#
########..#
.........##


You could see 2 skeletal warriors.

Vanquished Creatures
  Snorg (D:11)
  A hydra (D:12)
  A boulder beetle (D:12)
  2 two-headed ogres
  A skeletal warrior (D:12)
  Pikel (D:5)
  A harpy (shapeshifter) (D:8)
  A deep elf pyromancer (D:12)
  A manticore (D:12)
  2 slime creatures (D:11)
  Maggie (D:7)
  A gargoyle (D:11)
  3 trolls
  Grinder (D:5)
  Sigmund (D:6)
  A shadow (D:11)
  A wyvern (D:9)
  A vampire (D:11)
  3 wraiths
  11 yaks
  2 basilisks (D:9)
  2 vampire mosquitoes (D:11)
  2 acid dragons
  2 water moccasins (D:6)
  Duvessa (D:6)
  An ice beast (shapeshifter) (D:10)
  4 sky beasts
  3 orc warriors
  6 ogres
  2 ice beasts
  A phantom (D:7)
  5 centaurs
  7 kobold brigands
  Blork the orc (D:5)
  5 bullfrogs
  3 necrophages
  4 gnoll sergeants
  3 scorpions
  11 wights
  Dowan (D:6)
  13 killer bees
  5 howler monkeys
  A hound (D:6)
  2 jellies (D:5)
  3 gnoll shamans
  5 orc priests
  Crazy Yiuf (D:2)
  6 iguanas
  Terence (D:2)
  Natasha (thrice) (D:2)
  5 orc wizards
  31 gnolls
  11 adders
  3 shadow imps
  2 white imps (D:6)
  2 ufetubi
  3 worms
  5 dart slugs (D:2)
  36 orcs
  7 ball pythons
  6 bats
  7 endoplasms
  4 giant cockroaches
  7 goblins
  6 hobgoblins
  8 jackals
  2 quokkas
  A frilled lizard (D:2)
  11 kobolds
  6 rats
305 creatures vanquished.

Vanquished Creatures (collateral kills)
  A skeletal warrior (D:12)
  A troll (D:10)
  2 yaks (D:10)
  2 orc warriors (D:10)
  A centaur (D:10)
  A gnoll sergeant (D:10)
  2 killer bees (D:10)
  An orc priest (D:10)
  4 gnolls (D:10)
  2 orcs (D:10)
17 creatures vanquished.

Vanquished Creatures (others)
  An orc wizard (D:11)
  22 plants (D:5)
23 creatures vanquished.

Grand Total: 345 creatures vanquished

Notes
Turn   | Place    | Note
-------+----------+-------------------------------------------
     0 | D:1      | snetch the Minotaur Berserker began the quest for the Orb.
     0 | D:1      | Reached XP level 1. HP: 19/19 MP: 0/0
    89 | D:1      | Reached XP level 2. HP: 14/27 MP: 1/1
   471 | D:2      | Reached XP level 3. HP: 23/33 MP: 2/2
   649 | D:1      | Found a faded altar of an unknown god.
  1174 | D:2      | Noticed Terence
  1188 | D:2      | Killed Terence
  1188 | D:2      | Reached ** piety under Trog
  1276 | D:2      | Reached XP level 4. HP: 41/41 MP: 3/3
  1397 | D:2      | Reached skill level 5 in Axes
  1416 | D:2      | Noticed Natasha
  1421 | D:2      | Killed Natasha
  1422 | D:2      | Reached skill level 1 in Stealth
  1481 | D:2      | Noticed Natasha
  1486 | D:2      | Killed Natasha
  1487 | D:2      | Reached skill level 1 in Maces & Flails
  1487 | D:2      | Reached XP level 5. HP: 47/47 MP: 4/4
  1559 | D:2      | Reached skill level 2 in Maces & Flails
  1743 | D:2      | Found a runed translucent door.
  1744 | D:2      | Noticed Crazy Yiuf
  1756 | D:2      | Killed Crazy Yiuf
  1763 | D:2      | Identified the +9 mace "Westilen" {holy, Fragile rElec rC+
                  | Dex+9}
  2030 | D:2      | Noticed Natasha
  2034 | D:2      | Killed Natasha
  2359 | D:3      | Reached skill level 3 in Maces & Flails
  2458 | D:3      | Reached *** piety under Trog
  2523 | D:3      | Reached XP level 6. HP: 40/55 MP: 5/5
  2537 | D:3      | Reached skill level 4 in Maces & Flails
  2537 | D:3      | Found a glowing golden altar of the Shining One.
  2604 | D:4      | Reached skill level 1 in Shields
  2836 | D:3      | Reached skill level 5 in Fighting
  2844 | D:3      | Reached skill level 5 in Maces & Flails
  3111 | D:4      | Reached XP level 7. HP: 61/61 MP: 6/6
  3118 | D:4      | Reached skill level 6 in Maces & Flails
  3151 | D:4      | Found Faos's General Store.
  3153 | D:4      | Found Nomoaf's Specific Store.
  3164 | D:4      | Bought a scroll of identify for 20 gold pieces
  3164 | D:4      | Bought a scroll of fear for 35 gold pieces
  3164 | D:4      | Bought a wand of flame (8) for 50 gold pieces
  3479 | D:5      | Entered Level 5 of the Dungeon
  3517 | D:5      | Reached skill level 7 in Maces & Flails
  3517 | D:5      | Reached XP level 8. HP: 53/70 MP: 7/7
  3519 | D:5      | Reached skill level 5 in Armour
  3524 | D:5      | Noticed Blork the orc
  3527 | D:5      | Noticed Pikel
  3590 | D:5      | Killed Pikel
  3591 | D:5      | Reached skill level 8 in Maces & Flails
  3593 | D:5      | Killed Blork the orc
  3845 | D:5      | Noticed Grinder
  3853 | D:5      | Killed Grinder
  3854 | D:5      | Reached XP level 9. HP: 74/78 MP: 8/8
  3895 | D:5      | Found a staircase to the Ecumenical Temple.
  3944 | Temple   | Entered the Ecumenical Temple
  4423 | D:5      | Reached skill level 9 in Maces & Flails
  4426 | D:5      | Reached **** piety under Trog
  4889 | D:5      | Found Agud's Distillery.
  4894 | D:5      | Bought a potion of curing for 33 gold pieces
  4894 | D:5      | Bought 2 potions of heal wounds for 110 gold pieces
  4989 | D:6      | Noticed Sigmund
  5019 | D:6      | Killed Sigmund
  5129 | D:6      | Noticed Duvessa
  5130 | D:6      | Noticed Dowan
  5142 | D:6      | Killed Duvessa
  5143 | D:6      | Killed Dowan
  5266 | D:7      | Noticed Maggie
  5274 | D:7      | Killed Maggie
  5275 | D:7      | Reached skill level 10 in Maces & Flails
  5972 | D:6      | Reached XP level 10. HP: 82/88 MP: 9/9
  7267 | D:8      | Reached skill level 11 in Maces & Flails
  7320 | D:8      | Noticed a harpy
  7329 | D:8      | Killed a harpy
  7393 | D:8      | Reached skill level 5 in Shields
  7638 | D:8      | Found an ornate altar of the Wu Jian Council.
  7800 | D:9      | Reached skill level 1 in Throwing
  7895 | D:9      | Reached skill level 5 in Dodging
  7982 | D:9      | Reached ***** piety under Trog
  8052 | D:10     | Entered Level 10 of the Dungeon
  8247 | D:9      | Found a staircase to the Lair.
  8263 | D:9      | Noticed a two-headed ogre
  8273 | D:9      | Reached skill level 12 in Maces & Flails
  8273 | D:9      | Reached skill level 10 in Armour
  8279 | D:9      | Killed a two-headed ogre
  8280 | D:9      | Reached XP level 11. HP: 93/97 MP: 10/10
  8302 | D:9      | You fall into a shaft and drop 1 floor!
  8378 | D:10     | Found a transporter.
  8382 | D:10     | Noticed puppykicker's ghost (journeyman BaIE)
  8385 | D:10     | Noticed an orc knight
  8667 | D:9      | Found a staircase to the Orcish Mines.
  8678 | D:9      | Received a gift from Trog
  9080 | D:10     | Found a transporter.
  9477 | D:10     | Reached skill level 10 in Fighting
  9620 | D:10     | Identified the +1 chain mail of Servitude {Rampage}
 10066 | D:11     | Noticed Snorg
 10087 | D:11     | Killed Snorg
 10404 | D:12     | Noticed a deep elf pyromancer
 10409 | D:12     | Killed a deep elf pyromancer
 10597 | D:11     | Reached XP level 12. HP: 30/107 MP: 11/11
 10745 | D:11     | Identified the +3 ring mail of Poirhul {-Tele rCorr Dex+6}
 10925 | D:12     | Noticed a four-headed hydra
 10937 | D:12     | Killed a four-headed hydra
 10988 | D:12     | Noticed a two-headed ogre
 10992 | D:12     | Noticed a boulder beetle
 11000 | D:12     | Killed a two-headed ogre
 11013 | D:12     | Killed a boulder beetle
 11115 | D:12     | Slain by a skeletal warrior

Illustrated notes

Levels and vault maps discovered:
D:1:      lightli_arrival_boilingwater, layout_basic,
          ebering_ecumenical_altar_mist
D:2:      minmay_door_path, layout_basic, minmay_pentomino_r2, uniq_natasha,
          uniq_terence, uniq_crazy_yiuf_cottage
D:3:      layout_loops_ring, mainiacjoe_overflow_tiny_flanked,
          kennysheep_generic_room_11
D:4:      layout_cave_pools, nicolae_specific_store, minivault_11
D:5:      layout_loops_ring, minmay_temple_entry_statues_pillars, serial_shops,
          kennysheep_little_box, nicolae_grassy_gnolls, uniq_pikel,
          uniq_blork_the_orc, uniq_grinder
D:6:      minmay_razor_zed, layout_basic, serial_curves, eino_curves_02,
          eino_curves_04, uniq_sigmund, uniq_duvessa
D:7:      layout_loops_cross, uniq_maggie
D:8:      layout_loops_ring, pdpol_wu_jian_five_deadly_venoms
D:9:      hellmonk_crumbling_castle, layout_basic, david_lair_generic,
          kennysheep_orc_monster_closet_entryway
D:10:     layout_irregular_city, gammafunk_ghost_arena
D:11:     layout_long_grid, uniq_snorg
D:12:     layout_layer_cave, serial_shops, shop_scrolls, nicolae_shop_fire_sale
          [nicolae_sub_dead_trees]
Temple:   mainiacjoe_temple_cubbyholes

Skill      XL: |  1  2  3  4  5  6  7  8  9 10 11 |
---------------+----------------------------------+-----
Axes           | 4 5 9 |  9.4
Fighting       | 4 5 6 8 9 10 | 10.8
Stealth        | 1 |  1.8
Maces & Flails | 1 3 5 7 8 10 12 | 12.8
Armour         | 3 4 6 8 10 11 | 11.8
Dodging        | 3 4 5 |  5.3
Shields        | 1 2 3 4 5 6 |  6.9
Throwing       | 2 4 |  4.8

Action                   |  1- 3 |  4- 6 |  7- 9 | 10-12 || total
-------------------------+-------+-------+-------+-------++-------
Melee: Hand axe          |    52 |       |    14 |       ||    66
       Headbutt          |    10 |    19 |    31 |    95 ||   155
       Flail             |    10 |   125 |   202 |   422 ||   759
       War axe           |       |       |       |    83 ||    83
       Trident           |       |       |       |     4 ||     4
Throw: Stone             |     1 |       |       |       ||     1
       Dart              |       |       |       |    49 ||    49
       Boomerang         |       |       |       |    12 ||    12
Invok: Berserk           |     2 |     1 |     4 |     1 ||     8
       Trog's Hand       |       |     2 |     1 |     3 ||     6
       Brothers in Arms  |       |       |       |     3 ||     3
  Use: Scroll            |       |       |     3 |     5 ||     8
       Potion            |       |       |       |     1 ||     1
Armor: Animal skin       |     3 |       |       |       ||     3
       Scale mail        |     8 |    11 |       |       ||    19
       Leather armour    |     4 |       |       |       ||     4
       Chain mail        |       |    68 |   108 |       ||   176
       Plate armour      |       |       |    65 |   329 ||   394
Dodge: Dodged            |    35 |    59 |   129 |   250 ||   473
Block: Buckler           |       |    22 |    49 |   113 ||   184

Table legend: (Time is in decaauts)
 A = Elapsed time spent in this place.
 B = Non-inter-level travel time spent in this place.
 C = Inter-level travel time spent in this place.
 D = Time resting spent in this place.
 E = Time spent auto-exploring this place.
 F = Levels seen in this place.
 G = Mean time per level.
                   A        B        C        D        E       F      G
               +--------+--------+--------+--------+--------+-----+--------+
         Total |  11173 |  10262 |    911 |     94 |   6729 |  13 |  859.5 |
       Dungeon |  10830 |   9971 |    859 |     94 |   6442 |  12 |  902.5 |
        Temple |    342 |    290 |     52 |      0 |    287 |   1 |  342.0 |
               +--------+--------+--------+--------+--------+-----+--------+

Top non-repeatable levels by time:
     D:6: 1340 daAuts
     D:9: 1220 daAuts
     D:1: 1181 daAuts
     D:2: 1127 daAuts
    D:10: 921 daAuts
    D:11: 840 daAuts
     D:8: 802 daAuts
     D:5: 800 daAuts
     D:4: 794 daAuts
     D:3: 774 daAuts
     D:7: 755 daAuts
  Temple: 342 daAuts
    D:12: 273 daAuts
